Cogmind - Beta 14 @@@ ROGUE MODE // 2024.08.12 @ 19:16:29 // Winter2019/RPGLIKE Player: Bulbasornado Result: Destroyed by QO-QTH(R) with Subdweller Beam Cannon Performance ------------- Evolutions (0) 0 Regions Visited (3) 600 Robots Destroyed (73) 365 Value Destroyed (2030) 2030 Prototype IDs (2) 40 Alien Tech Used (0) 0 Bonus (118) 118 TOTAL SCORE: 3153 Bonus ------- High Alert Combat Kills 409 Friendly Fire -291 Cogmind --------- Core Integrity 0/600 Matter 144/300 Energy 100/100 System Corruption 0% Temperature Cool (15) Movement Flying (34) Location -10/Subcaves Parts ------- > --- POWER (1) -------- Backup Power I > --- PROPULSION (3) --- Flight Unit Flight Unit Flight Unit > --- UTILITY (3) ------ Improved Targeting Computer Improved Targeting Computer Hacking Suite > --- WEAPON (3) ------- Barrage Gun Light Cannon Battle Cannon > --- INVENTORY (0) ---- (None) Peak State ------------ > --- POWER ------------ Backup Power I > --- PROPULSION ------- Flight Unit Flight Unit Flight Unit > --- UTILITY ---------- Improved Targeting Computer Improved Targeting Computer Hacking Suite > --- WEAPON ----------- Barrage Gun Light Cannon Battle Cannon > --- INVENTORY -------- (None) [Rating: 17] Favorites ----------- Power Backup Power I Engine Backup Power I Propulsion Flight Unit Treads Light Treads Hover Unit Hover Unit Flight Unit Flight Unit Utility Improved Targeting Computer Processor Improved Targeting Computer Hackware Hacking Suite Weapon Light Cannon Ballistic Gun Barrage Gun Ballistic Cannon Light Cannon Launcher Grenade Launcher Impact Weapon Flail Build | -11 -10 -10 -10 ------- Run | Yrd Mat Min Sub Slots Evolved 6 | 2 4 . . Power . | . . . . Propulsion 2 | 1 1 . . Utility 2 | . 2 . . Weapon 2 | 1 1 . . Parts Attached 31 | 5 21 2 3 Power 2 | 1 1 . . Engine 2 | 1 1 . . Core . | . . . . Reactor . | . . . . Propulsion 10 | 2 5 2 1 Treads 2 | 2 . . . Leg . | . . . . Wheel . | . . . . Hover 2 | . 2 . . Flight 6 | . 3 2 1 Utility 3 | . 3 . . Device . | . . . . Storage . | . . . . Processor 2 | . 2 . . Hackware 1 | . 1 . . Protection . | . . . . Artifact . | . . . . Weapon 16 | 2 12 . 2 Energy Gun . | . . . . Energy Cannon . | . . . . Ballistic Gun 6 | 2 3 . 1 Ballistic Cannon 7 | . 6 . 1 Launcher 2 | . 2 . . Special Weapon . | . . . . Impact Weapon 1 | . 1 . . Slashing Weapon . | . . . . Piercing Weapon . | . . . . Special Melee Weapon . | . . . . Unidentified Prototypes . | . . . . Parts Lost 1 | . . . 1 Power . | . . . . Propulsion 1 | . . . 1 Utility . | . . . . Weapon . | . . . . Highest Loss Streak 1 | . . . 1 To Critical Strikes . | . . . . Average Slot Usage (%) 99 | . 99 100 98 Engine 11 | . 12 10 10 Treads 1 | . 2 . . Hover 1 | . 3 . . Flight 26 | . 25 30 28 Processor 16 | . 14 20 20 Hackware 7 | . 6 10 10 Ballistic Gun 4 | . 3 . 9 Ballistic Cannon 26 | . 28 30 20 Peak Build Rating 17 | 5 15 14 17 Average Rating 12 | 3 10 14 16 On Entrance 8 | . 5 14 14 Naked Turns . | . . . . Heaviest Build 12 | 7 12 10 10 Greatest Support 17 | 8 17 17 17 Greatest Overweight (x) . | . . . . Average Overweight (x) . | . . . . Largest Inventory Capacity . | . . . . Average Capacity . | . . . . Most Carried . | . . . . Average Carried . | . . . . Final Capacity . | . . . . Final Carried . | . . . . Class Distribution -------------------- 79% | Hacker-Gunner 19% | Hacker-Mutant Dominant Class ---------------- Hacker-Gunner | -10/Materials Hacker-Gunner | -10/Mines Hacker-Gunner | -10/Subcaves Resources | -11 -10 -10 -10 ----------- Run | Yrd Mat Min Sub Matter Collected 3097 | 262 1762 216 857 Remotely . | . . . . Salvage Created 2177 | 100 1407 331 339 Parts 143 | 1 91 22 29 Haulers Intercepted 2 | . 2 . . Recyclers Shooed 2 | . 2 . . Parts Field Recycled . | . . . . Retrieved Matter . | . . . . Parts Self-Destructed 18 | . . . 18 Prevented . | . . . . Kills | -11 -10 -10 -10 ------- Run | Yrd Mat Min Sub Combat Hostiles Destroyed 54 | . 34 5 15 Guns 9 | . 4 . 5 Cannons 45 | . 30 5 10 Classes Destroyed 12 | 1 7 . 4 Worker 6 | . 5 1 . Builder 2 | . 1 1 . Hauler 2 | . 2 . . Recycler 8 | 1 4 3 . Operator 3 | . 3 . . Turret 2 | . . . 2 Watcher 3 | . 3 . . Swarmer 10 | . 3 3 4 Grunt 34 | . 31 2 1 Sentry 2 | . . . 2 Artisan 1 | . . . 1 Subdweller 8 | . . . 8 Thug 1 | . . 1 . Best Kill Streak 8 | 1 8 3 5 Combat Bots Only 4 | . 3 3 4 Max Kills in Single Turn 2 | 1 2 2 1 Gunslinging . | . . . . Exploded . | . . . . Melee . | . . . . Uniques/NPCs Destroyed . | . . . . Combat | -11 -10 -10 -10 -------- Run | Yrd Mat Min Sub Hostile Shots Fired 199 | . 67 12 120 Missed 86 | . 23 4 59 Damage Taken 1594 | . 528 89 977 Core 1304 | . 432 73 799 Absorbed by Shields . | . . . . Redirected to Core 968 | . 297 53 618 Core Remaining (%) 100 | 100 . . . Volleys Fired 300 | 2 167 17 114 Largest 3 | 2 3 3 3 Hottest 105 | 40 105 105 105 Shots Fired 664 | 4 369 49 242 Gun 158 | 4 52 . 102 Cannon 480 | . 291 49 140 Launcher 26 | . 26 . . Special . | . . . . Kinetic 638 | 4 343 49 242 Thermal . | . . . . Explosive 26 | . 26 . . Electromagnetic . | . . . . Robot Hit Streak 58 | 4 14 13 58 Robot Miss Streak 8 | . 8 3 2 Penetration Max . | . . . . Secondary Targets 1 | . 1 . . Max Gunslinging Chain 1 | . 1 . . Shots Hit Robots 324 | 4 140 23 157 Core Hits 104 | 1 60 12 31 Critical Kills . | . . . . Critical Parts Destroyed . | . . . . Critical Strikes 14 | . 6 3 5 Destroy 1 | . . . 1 Blast 13 | . 6 3 4 Melee Attacks 79 | . 79 . . Impact 79 | . 79 . . Slashing . | . . . . Piercing . | . . . . Sneak Attacks . | . . . . Combat Hostiles . | . . . . Follow-up Attacks . | . . . . Damage Inflicted 5333 | 53 2538 483 2259 Guns 1237 | 53 456 . 728 Cannons 4006 | . 1992 483 1531 Explosions 90 | . 90 . . Melee . | . . . . Ramming . | . . . . Kinetic 5243 | 53 2448 483 2259 Thermal . | . . . . Explosive 90 | . 90 . . Electromagnetic . | . . . . Impact . | . . . . Slashing . | . . . . Piercing . | . . . . Highest Corruption . | . . . . Average Corruption . | . . . . Corruption Purged . | . . . . Corruption Blocked . | . . . . Overload Shots . | . . . . Overflow Damage 24 | . 18 . 6 Projectiles 24 | . 18 . 6 Explosions . | . . . . Melee . | . . . . Knockbacks 58 | . 26 5 27 Impact . | . . . . Kinetic 58 | . 26 5 27 Secondary . | . . . . Self-Inflicted Damage 47 | . 47 . . Shots 2 | . 2 . . Rammed . | . . . . Targets Rammed . | . . . . Kicked . | . . . . Crushed . | . . . . Highest Temperature 117 | . 117 66 11 Average Temperature 23 | . 24 17 9 Received Heat Transfer 492 | . 210 30 252 Siege Activations . | . . . . Robots Corrupted . | . . . . Combat Hostiles . | . . . . Parts Fried . | . . . . Impact Corruptions . | . . . . Robots Melted . | . . . . Combat Hostiles . | . . . . Parts Melted . | . . . . Heat Transferred . | . . . . Parts Sabotaged . | . . . . Parts Stolen . | . . . . Parts Stripped . | . . . . Power Chain Reactions . | . . . . Alert | -11 -10 -10 -10 ------- Run | Yrd Mat Min Sub Peak Influence 1317 | 5 1317 733 . Initial 513 | . 3 513 . Average 616 | . 625 619 . Maximum Alert Level 4 | . 4 3 . Low Security (%) 15 | 100 18 . . Level 1 9 | . 11 . . Level 2 36 | . 28 70 . Level 3 25 | . 25 29 . Level 4 12 | . 16 . . Level 5 . | . . . . High Security . | . . . . Max Security . | . . . . Squads Dispatched 10 | . 10 . . Investigation 9 | . 9 . . Extermination . | . . . . Reinforcement 1 | . 1 . . Assault . | . . . . Garrison . | . . . . Intercept . | . . . . Searches Triggered . | . . . . Construction Impeded . | . . . . Haulers Reinforced . | . . . . Active Scanning Responses . | . . . . Cargo Convoy Interrupts . | . . . . Stealth | -11 -10 -10 -10 --------- Run | Yrd Mat Min Sub Distress Signals 2 | . 2 . . Communications Jammed . | . . . . Distress Signals . | . . . . Times Spotted 68 | . 40 5 23 Peak Tracking Total 6 | . 4 3 6 Tactical Retreats 2 | . 1 . 1 Traps | -11 -10 -10 -10 ------- Run | Yrd Mat Min Sub Traps Triggered 1 | . 1 . . Indirectly . | . . . . Trap Hack Attempts . | . . . . Triggered . | . . . . Disarmed . | . . . . Reprogrammed . | . . . . Reused . | . . . . Traps Extracted . | . . . . Installed . | . . . . Triggered 2 | . . . 2 Machines | -11 -10 -10 -10 ---------- Run | Yrd Mat Min Sub Machines Disabled 39 | . 33 4 2 Max in Single Turn 2 | . 2 2 1 Machines Repaired . | . . . . Machines Dismantled . | . . . . Machines Sabotaged . | . . . . Overloaded Fab Kills . | . . . . Hacking | -11 -10 -10 -10 --------- Run | Yrd Mat Min Sub Machines Accessed 11 | . 10 . 1 Terminals 7 | . 7 . . Fabricators . | . . . . Repair Stations 1 | . 1 . . Recycling Units 2 | . 2 . . Scanalyzers . | . . . . Garrison Access . | . . . . Total Hacks 60 | . 55 . 5 Successful 46 | . 41 . 5 Failed 13 | . 13 . . Catastrophic 2 | . 2 . . Database Lockouts 1 | . 1 . . Manual 42 | . 42 . . Terminals 39 | . 39 . . Fabricators . | . . . . Repair Stations 5 | . 5 . . Recycling Units 11 | . 11 . . Scanalyzers . | . . . . Garrison Access . | . . . . Terminal Hacks 18 | . 13 . 5 Record 5 | . . . 5 Robot Analysis 2 | . 2 . . Prototype ID Bank 1 | . 1 . . Branch Access Points 1 | . 1 . . Emergency Access Points 1 | . 1 . . Machine Index 1 | . 1 . . Alert Level 1 | . 1 . . Locate Traps 2 | . 2 . . Intercept Status 1 | . 1 . . Recall Extermination 1 | . 1 . . Recall Assault 1 | . 1 . . Security Stations 1 | . 1 . . Fabricator Hacks . | . . . . Repair Station Hacks 3 | . 3 . . Refit 3 | . 3 . . Recycling Unit Hacks 2 | . 2 . . Retrieve Matter 1 | . 1 . . Retrieve Components 1 | . 1 . . Scanalyzer . | . . . . Garrison Access Hacks . | . . . . Unauthorized Hacks 23 | . 23 . . Terminals 13 | . 13 . . Botnet 6 | . 6 . . Operators 1 | . 1 . . Search 6 | . 6 . . Fabricators . | . . . . Repair Stations 2 | . 2 . . Mechanics 1 | . 1 . . Patch 1 | . 1 . . Recycling Units 8 | . 8 . . Reject 2 | . 2 . . Recyclers 2 | . 2 . . Mask 2 | . 2 . . Tunnel 2 | . 2 . . Scanalyzers . | . . . . Garrison Access . | . . . . Data Cores Recovered 2 | . 2 . . Used . | . . . . Hacking Detections 7 | . 7 . . Full Trace Events 1 | . 1 . . Feedback Events . | . . . . Feedback Blocked . | . . . . Robot Schematics Acquired . | . . . . Robots Built . | . . . . Authchips . | . . . . Time . | . . . . Total Robot Build Rating . | . . . . Part Schematics Acquired . | . . . . Parts Built . | . . . . Authchips . | . . . . Time . | . . . . Total Part Build Rating . | . . . . Parts Repaired . | . . . . Time . | . . . . Parts Recycled . | . . . . Recycled Matter . | . . . . Retrieved Matter 246 | . 246 . . Retrieved Components 10 | . 10 . . Parts Scanalyzed . | . . . . Part Schematics Acquired . | . . . . Parts Damaged . | . . . . Bothacking | -11 -10 -10 -10 ------------ Run | Yrd Mat Min Sub Used RIF Installer . | . . . . Robots Hacked . | . . . . Non-combat . | . . . . Combat . | . . . . Robot Hacks Applied . | . . . . Relay Couplers Released . | . . . . Fabnet Peak Effective % . | . . . . Robots Rewired . | . . . . Allies Hacked . | . . . . Hacks Repelled . | . . . . Allies | -11 -10 -10 -10 -------- Run | Yrd Mat Min Sub Total Allies 2 | . . 2 . Largest Group 2 | . . 2 1 Highest-Rated Group 40 | . . 40 12 Highest-Rated Ally 28 | . . 28 12 Total Orders . | . . . . Ally Attacks . | . . . . Total Damage . | . . . . Kills . | . . . . Allies Corrupted . | . . . . Allies Melted . | . . . . Intel | -11 -10 -10 -10 ------- Run | Yrd Mat Min Sub Robot Analysis Total 2 | . 2 . . Derelict Logs Recovered 3 | . . 2 1 Drone Launches . | . . . . Drone Recoveries . | . . . . Exploration | -11 -10 -10 -10 ------------- Run | Yrd Mat Min Sub Turns Passed 4643 | 47 2729 686 1181 Spaces Moved 4536 | 58 2495 529 1454 Core 210 | 58 152 . . Treads . | . . . . Legs . | . . . . Wheels . | . . . . Hover 208 | . 208 . . Flight 4118 | . 2135 529 1454 Fastest Speed 34 | 50 34 34 34 Average Speed 36 | 50 38 34 34 Slowest Speed 60 | 50 60 34 37 Overloaded Moves . | . . . . Propulsion Burnouts . | . . . . Robots Hopped 62 | . 49 10 3 Cave-ins Triggered . | . . . . Exploration Rate (%) 69 | 3 99 99 76 Regions Visited 3 Branch Regions 2 Pre-discovered Areas 3 | . 2 1 . Known Exits Taken 1 | . 1 . . Unknown Exits Taken 2 | 1 . 1 . Scrap Searched 6 | . . 3 3 Spaces Dug 65 | . 65 . . Terrain Destroyed 307 | . 307 . . Melee 57 | . 57 . . Projectile . | . . . . AOE 250 | . 250 . . Terrain Rammed . | . . . . Walls Destroyed . | . . . . Machines Disabled . | . . . . Actions | -11 -10 -10 -10 --------- Run | Yrd Mat Min Sub Total 6793 | 69 3791 988 1945 Wait 1847 | 5 1039 441 362 Move 4415 | 57 2402 508 1448 Hop 56 | . 43 10 3 Pick Up . | . . . . Fast Attach 26 | 5 18 . 3 Attach . | . . . . Detach . | . . . . Swap 5 | . 3 2 . Drop 23 | . 19 2 2 Fire 300 | 2 167 17 114 Melee 79 | . 79 . . Ram . | . . . . Kick . | . . . . Crush . | . . . . Escape Stasis . | . . . . Rewire . | . . . . Trap . | . . . . Miscellaneous 42 | . 21 8 13 Route ------- -11/Scrapyard -10/Materials (discovered 4 exits: [*Mat x3] / *Min) -10/Mines (discovered 3 exits: [*Mat x2] / *Sub) -10/Subcaves (discovered 3 exits: *Mat x2 / [*Rec]) History --------- Turn | Location | Event 1 | -11/Scrapyard | Upgraded with Propulsion slot (x1) 1 | -11/Scrapyard | Upgraded with Weapon slot (x1) 13 | -11/Scrapyard | Discovered new exit (range 15) 48 | -11/Scrapyard | Entered Materials 127 | -10/Materials | Discovered new exit (range 16) 391 | -10/Materials | Build established: Hacker-Mutant 469 | -10/Materials | Discovered new exit (range 15) 587 | -10/Materials | Reached level 2 589 | -10/Materials | Upgraded with Weapon slot (x1) 716 | -10/Materials | Discovered new exit (range 13) 920 | -10/Materials | Build established: Hacker-Gunner 1201 | -10/Materials | Reached level 3 1205 | -10/Materials | Upgraded with Utility slot (x1) 1294 | -10/Materials | Discovered new exit (range 13) 1417 | -10/Materials | Central database locked down 1450 | -10/Materials | Reached level 4 1490 | -10/Materials | Upgraded with Propulsion slot (x1) 1965 | -10/Materials | Identified exit to Mines 2144 | -10/Materials | Reached level 5 2178 | -10/Materials | Upgraded with Utility slot (x1) 2559 | -10/Materials | Build established: Hacker-Mutant 2777 | -10/Materials | Entered Mines 2784 | -10/Mines | Reached level 6 2804 | -10/Mines | A weapon hastily lodged in a ceiling crevice suddenly fell to the ground 2816 | -10/Mines | Discovered new exit (range 12) 2877 | -10/Mines | Discovered new exit (range 15) 2882 | -10/Mines | Learned Materials terminal intel 2907 | -10/Mines | Build established: Hacker-Gunner 3449 | -10/Mines | Discovered new exit (range 6) 3463 | -10/Mines | Entered Subcaves 3463 | -10/Subcaves | Accompanied by 1 ally 3464 | -10/Subcaves | Learned Materials terminal intel 3553 | -10/Subcaves | Shifting Twisted Machinery released Barrage Gun 3572 | -10/Subcaves | Shifting Twisted Machinery released Flamer 3579 | -10/Subcaves | Discovered new exit (range 9) 3613 | -10/Subcaves | Core integrity fell below 50% 3676 | -10/Subcaves | Shifting Twisted Machinery released Flamer 3704 | -10/Subcaves | Shifting Twisted Machinery released Sub. Beam Cannon 3762 | -10/Subcaves | Discovered new exit (range 11) 3824 | -10/Subcaves | Core integrity fell below 20% 3876 | -10/Subcaves | Visited Clippyterm 3877 | -10/Subcaves | Identified exit to Materials 3877 | -10/Subcaves | Learned Factory trap positions 4050 | -10/Subcaves | A swath of the cavern ceiling suddenly collapsed 4599 | -10/Subcaves | Shifting Twisted Machinery released Sub. Machine Gun 4609 | -10/Subcaves | A Subdweller sparked back to life 4609 | -10/Subcaves | A Subdweller sparked back to life 4644 | -10/Subcaves | Destroyed by QO-QTH(R) with Subdweller Beam Cannon Last Messages --------------- 04175_ Z7-4Z3(u) destroyed. 04180_ Acquired 22 matter. 04181_ Acquired 5 matter. 04195_ Acquired 51 matter. 04587_ YD-TVC(O) knocked back. 04590_ Destroyed Wheel. Sub. Machine Gun falls loose from the Twisted Machinery. 04609_ BG-RPK(R) creaks and sparks as it begins to move. 04609_ 1G-DEK(R) creaks and sparks as it begins to move. 04613_ BG-RPK(R) knocked back. 04622_ BG-RPK(R) destroyed. 04624_ YD-TVC(O) collects matter. 04625_ 3D-9EH(R) knocked back. 04628_ YD-TVC(O) collects matter. 04628_ 3D-9EH(R) knocked back. 04632_ Destroyed Sub. Monowheel. 04632_ 3D-9EH(R) knocked back. 04632_ YD-TVC(O) collects matter. 04635_ 3D-9EH(R) knocked back. 04635_ YD-TVC(O) collects matter. Map ----- +----------------------------------------------------+ | | | | | ?????????????????????????????????????????????????? | | ?????????????????????????????????????????????????? | | ?????????????????????????????????????????????????? | | ?????????????????????????????????????????????????? | | ?????????????????????????????????????????????????? | | ?????????????????????????????????????????????????? | | ?????????????????????????????????????????????????? | | ?????????????????????????????????????????????????? | | ?????????????????????????????????????????????????? | | ?????????????????????????????????????????????????? | | ?????????????????????????????????????????????????? | | ?????????????????????????????????????????????????? | | ?????????????????????????????????????????????????? | | ?????????????????????????????????????????????????? | | ???????????????????###??????###??????????????????? | | ???????????# ####### #?##### ##?????????????????? | | ???????????# ## %#?????????????????? | | ????????????????# < R#####?????????????? | | ????????????# % %&] R ###???????????? | | ??????????? " % ##; ### # #####?????### | | ??????????? # & ?## ## "#????## # | | ????????????? " " ??# #### ### ## ###### | | ???????????? ##???# ##??###?### "# ## | | ??????????? #??????# @###?????????##"" " ##" | | ?????????? ? ????????# ####?????????# # "###" | | ?????????????#?????????## #?????????##### "##" | | ????????????????????????# #?????????????# "#"" | | ????????????????????????# #%##????????????# ##" | | ????????????????????????#### #?######???### ## " | | ???????????????????????????# #### #%##### "" | | ???????????????????????????#%% % " | | ???????????????????????????# # # ###### # " | | ???????????????????????????#########????### " | | ??????????????????????????????????????????#"" # "# | | ??????????????????????????????????????????# """ | | ??????????????????????????????????????????## "" | | ???????????????????????????????????????????# # | | ???????????????????????????????????????????#### # | | ????????????????????????????????????????????## # | | ????????????????????????????????????????????# # | | ????????????????????????????????????????????## ### | | ?????????????????????????????????????????????# #? | | ?????????????????????????????????????????????# #? | | ????????????????????????????????????????????## ## | | ???????????????????????????????????????????## # | | ???????????????????????????????????????????# ## | | ???????????????????????????????????????????# ## | | ???????????????????????????????????????????# # | +----------------------------------------------------+ Best States ------------- Heat Dissipation 37 Energy Generation 10 Energy Capacity 125 Matter Stores 300 Matter Capacity 300 Sight Range 16 Terrain Scan Density 10 Evasion (%) 63 Targeting Accuracy 12 Offensive Hacking 25 Defensive Hacking 10 Item Schematics ----------------- None Robot Schematics ------------------ None Fabricated ------------ Nothing Alien Tech Used ----------------- None Achievements -------------- None Challenges ------------ None RPGLIKE | -11 -10 -10 -10 --------- Run | Yrd Mat Min Sub Levels Raised 5 | . 4 1 . XP Earned 11716 | 3000 6917 878 921 XP Spent 9020 | 1100 7120 . 800 Upgrades 19 | 3 15 . 1 Propulsion Slot 2 | 1 1 . . Utility Slot 2 | . 2 . . Weapon Slot 2 | 1 1 . . Heat Dissipation 2 | . 2 . . Mass Support 1 | 1 . . . Ranged Accuracy 5 | . 4 . 1 Hack Attack % 3 | . 3 . . Hack Defense % 2 | . 2 . . Protomatter Created 459 | . 297 61 101 Integrity Restored 749 | . 308 183 258 Core 693 | . 252 183 258 Parts 56 | . 56 . . Protomatter Decayed 189 | . 189 . . Game ------ Seed DamperNeutrinoRecalibrator Manual? 0 Play Time 01:04:39 Cumulative 135.9 hours Start 2024.08.12 @ 11:11:46 End 2024.08.12 @ 19:16:29 Sessions 3 Manual Loads 0 Difficulty Rogue Special Mode Winter2019/RPGLIKE Game No. 50 Rogue 49 Adventurer 1 Explorer 0 Win Type - Total 2 Types 2/0/0/0/0/0/0/0/0 Lore% 50 Gallery% 56 Achievement% 36 Wizard Run 0 Options --------- Layout 0 ASCII 0 Keyboard 1 Movement Vi Keybinds 0 Fullscreen 2 Font 18/Smallcaps Map View 76x50 Zoom Use 0% Tactical HUD 1 Map Filters NONE Filters NONE Steam 1 RUN: 4ed97930-879a-4fe7-8c7f-2cc4e0c8771c